 Dungeon Crawl Stone Soup version 0.21-a0-509-gecc5317 (webtiles) character file.

672 Hafrunt the Changer (level 7, -1/52 HPs)
             Began as a Yellow Draconian Transmuter on Nov 30, 2017.
             Slain by a hornet zombie (10 damage)
             ... on level 4 of the Dungeon.
             The game lasted 00:16:13 (3682 turns).

Hafrunt the Changer (Yellow Draconian Transmuter)   Turns: 3682, Time: 00:16:13

Health: -1/52      AC:  5    Str: 15    XL:     7   Next: 32%
Magic:  9/11       EV: 19    Int: 13    God:
Gold:   216        SH:  0    Dex: 19    Spells: 6/12 levels left

rFire    . . .     SeeInvis .     - Unarmed
rCold    . . .     Gourm    .   (shield currently unavailable)
rNeg     . . .     Faith    .   (armour unavailable)
rPois    x         Spirit   .   (helmet currently unavailable)
rElec    .         Reflect  .   (cloak currently unavailable)
rCorr    .         Harm     .   (gloves currently unavailable)
MR       .....                  (boots currently unavailable)
Stlth    ++........             (no amulet)
HPRegen  0.17/turn              k - +3 ring of protection
MPRegen  0.12/turn              u - +3 ring of strength

@: spider-form (expiring), very slightly contaminated
A: tiny, (spit acid), (acid resistance), unfitting armour, AC +6
a: End Transformation


You were on level 4 of the Dungeon.
You were not hungry.
You were a venomous arachnid creature.
You visited 1 branch of the dungeon, and saw 4 of its levels.

You collected 216 gold pieces.

Inventory:

Hand Weapons
 b - a +0 blowgun
Missiles
 a - 34 arrows
 t - 40 poisoned needles
Armour
 v - a +0 buckler
Jewellery
 k - a +3 ring of protection (left front leg)
 u - a +3 ring of strength (right front leg)
Wands
 x - a wand of acid (9)
Scrolls
 e - 3 scrolls of remove curse
 f - 3 scrolls of identify
 g - 2 scrolls of magic mapping
 h - a scroll of enchant armour
 j - 2 scrolls of teleportation
 m - a scroll of immolation {unknown}
 n - 2 scrolls of random uselessness {unknown}
 y - 2 scrolls of noise {unknown}
Potions
 i - a potion of berserk rage {unknown}
 l - a potion of experience {unknown}
 q - a potion of lignification {unknown}
 A - a potion of resistance {unknown}
Books
 p - a book of Minor Magic

   Spells                             Type                      Level
   a - Magic Dart                     Conjuration                  1
   b - Blink                          Translocation                2
   c - Call Imp                       Summoning                    2
   d - Slow                           Hexes                        2
   e - Conjure Flame                  Conjuration/Fire             3
   f - Mephitic Cloud                 Conjuration/Poison/Air       3
 s - a book of Changes

   Spells                             Type                      Level
   a - Beastly Appendage              Transmutation                1
   b - Sticks to Snakes               Transmutation                2
   c - Spider Form                    Transmutation/Poison         3
   d - Ice Form                       Ice/Transmutation            4
   e - Blade Hands                    Transmutation                5
Comestibles
 c - 4 bread rations
 o - 7 fruits
 r - a royal jelly
 w - 11 chunks of flesh
 z - a meat ration


   Skills:
 - Level 1.1 Fighting
 - Level 1.7 Dodging
 + Level 5.1 Unarmed Combat
 - Level 3.1 Spellcasting
 + Level 5.8 Transmutations
 - Level 2.8 Poison Magic


You had 6 spell levels left.
You knew the following spells:

 Your Spells              Type           Power        Failure   Level  Hunger
a - Beastly Appendage     Tmut           ###...       8%          1    #......
b - Spider Form           Tmut/Pois      ##........   28%         3    ###....
s - Sticks to Snakes      Tmut           ###.....     11%         2    ##.....


Dungeon Overview and Level Annotations

Branches:
Dungeon (4/15)
 Temple: D:4-7

Altars:
Kikubaaqudgha
Okawaru
The Shining One


Innate Abilities, Weirdness & Mutations

((You can spit globs of acid.))
((You are resistant to acid.))
((Your golden yellow scales are hard. (AC +6)))
You cannot fit into any form of body armour.
((You are cold-blooded and may be slowed by cold attacks.))


Message History

The hornet zombie is heavily damaged.
The hornet zombie hits you but does no damage.
You hit the hornet zombie.
The hornet zombie is heavily damaged.
The hornet zombie barely misses you.
You hit the hornet zombie.
The hornet zombie is heavily damaged.
The hornet zombie hits you!
* * * LOW HITPOINT WARNING * * *
You hit the hornet zombie but do no damage.
The hornet zombie is heavily damaged.
The hornet zombie misses you.
You hit the hornet zombie.
The hornet zombie is heavily damaged.
Your transformation is almost over.
The hornet zombie hits you!
* * * LOW HITPOINT WARNING * * *
Okay, then.
You feel better. The hornet zombie misses you. The hornet zombie hits you!
You die...

....# *********** *,#.#
#.######' ....# *,,,,,,,,,*
*,#.# #.######. ....#
*,,.,,,,,,***,#.# #.##.....
....# *,,..,,,,,+,,,#)#
#.##.#.#. #####
*,,...,,,,#####.# #.##.#.#.
*,,,...,,,#.....###....#.##
*,,,,,..,,#.####.........##
****#####'##.#..............
*,,,.......s.##(#(#########.
*,,,......Z####.#.# #.
*,,,.......#.(..#.###### #.
*,,,.......#.####..<...# #.
*,,,.......#.........#.# ##
*,,,.......####.)....'.#
*,,,.......* #......###
*,,,.......*###......#
*,,,,,,,,,,*#........#


You could see a hornet zombie.

Vanquished Creatures
  Sigmund (D:3)
  An ogre (D:4)
  4 hounds
  A gnoll shaman (D:4)
  A centaur skeleton (D:4)
  A worker ant (D:3)
  A hound skeleton (D:4)
  6 adders
  8 gnolls (D:4)
  An ooze (D:3)
  3 worms
  2 dart slugs
  4 leopard geckos
  2 orcs (D:4)
  7 bats
  3 giant cockroaches
  5 goblins
  5 hobgoblins
  9 kobolds
  A quokka (D:3)
  2 ball pythons (D:4)
  3 frilled lizards
  A jackal skeleton (D:2)
  11 rats
83 creatures vanquished.

Notes
Turn   | Place    | Note
-------+----------+-------------------------------------------
     0 | D:1      | Hafrunt the Draconian Transmuter began the quest for the Orb.
     0 | D:1      | Reached XP level 1. HP: 16/16 MP: 3/3
   324 | D:1      | Reached XP level 2. HP: 23/23 MP: 3/5
   328 | D:1      | Learned a level 2 spell: Sticks to Snakes
   992 | D:2      | Reached XP level 3. HP: 23/28 MP: 3/6
  1009 | D:2      | Learned a level 3 spell: Spider Form
  1014 | D:2      | Found an iron altar of Okawaru.
  1098 | D:2      | Found a glowing golden altar of the Shining One.
  1504 | D:3      | Reached skill level 1 in Poison Magic
  1523 | D:3      | Reached XP level 4. HP: 24/35 MP: 5/7
  1682 | D:3      | Noticed Sigmund
  2112 | D:3      | Killed Sigmund
  2112 | D:3      | Reached XP level 5. HP: 40/40 MP: 4/8
  2356 | D:3      | Reached XP level 6. HP: 39/47 MP: 5/9
  2937 | D:4      | Found an ancient bone altar of Kikubaaqudgha.
  2972 | D:4      | Reached skill level 5 in Transmutations
  3113 | D:4      | Your scales start taking on a golden yellow colour.
  3113 | D:4      | Reached XP level 7. HP: 52/52 MP: 6/11
  3504 | D:4      | Reached skill level 5 in Unarmed Combat
  3681 | D:4      | HP: 2/52 [hornet zombie (8)]
  3682 | D:4      | Slain by a hornet zombie

Vault maps used:
D:1:      minmay_arrival_split_and_join
D:2:      nicolae_overflow_hidden_temple, nicolae_tso_carved_into_rock,
          first_bread, kennysheep_generic_room_4
D:3:      uniq_sigmund
D:4:      kennysheep_little_box

Skill      XL: |  1  2  3  4  5  6  7 |
---------------+----------------------+-----
Transmutations | 3 4 5 |  5.8
Poison Magic   | 1 2 |  2.8
Unarmed Combat | 4 5 |  5.1
Spellcasting   | 3 |  3.1
Fighting       | |  1.1
Dodging        | |  1.7

Action                   |  1- 3 |  4- 6 |  7- 9 || total
-------------------------+-------+-------+-------++-------
Melee: Unarmed           |   106 |   135 |    76 ||   317
       Tailslap          |     9 |    13 |     4 ||    26
       Kick              |     7 |    14 |       ||    21
       Headbutt          |     9 |     6 |     1 ||    16
       Punch             |     1 |     3 |     1 ||     5
 Fire: Blowgun           |       |     9 |       ||     9
 Cast: Beastly Appendage |    30 |    22 |     4 ||    56
       Spider Form       |       |     5 |     6 ||    11
 Abil: End Transformatio |       |     3 |     1 ||     4
       Breathe Acid      |       |       |     1 ||     1
  Use: Scroll            |       |     5 |       ||     5
       Potion            |       |       |     1 ||     1
  Eat: Chunk             |     3 |     6 |     3 ||    12
Armor: Skin              |    41 |    41 |     9 ||    91
Dodge: Dodged            |    67 |    86 |    51 ||   204

Table legend:
 A = Spawn XP
 B = Non-spawn XP
 C = Spawn XP percentage of total XP
 D = Spawn monster count
 E = Non-spawn monster count
 F = Spawn count percentage of total count
 G = Total turns spent on level
                    A         B        C        D         E        F      G
               +---------+---------+-------+---------+---------+-------+---------
         Total |       0 |     960 |   0.0 |       0 |      83 |   0.0 |  3682
               +---------+---------+-------+---------+---------+-------+---------
           D:1 |       0 |      32 |   0.0 |       0 |      17 |   0.0 |   893
           D:2 |       0 |      46 |   0.0 |       0 |      15 |   0.0 |   593
           D:3 |       0 |     386 |   0.0 |       0 |      29 |   0.0 |  1409
           D:4 |       0 |     496 |   0.0 |       0 |      22 |   0.0 |   787
               +---------+---------+-------+---------+---------+-------+---------
